 Dungeon Crawl Stone Soup version 0.27.1-4-g1640c2035a (webtiles) character file.

Game seed: 4115080406465755334

61 raph the Digger (level 3, -5/20 HPs)
             Began as a Deep Elf Earth Elementalist on Nov 7, 2021.
             Slain by a gnoll (9 damage)
             ... on level 2 of the Dungeon.
             The game lasted 00:01:53 (1420 turns).

raph the Digger (Deep Elf Earth Elementalist)       Turns: 1420, Time: 00:01:54

Health: -5/20      AC:  2    Str:  5    XL:     3   Next: 83%
Magic:  5/10       EV: 13    Int: 20    God:
Gold:   52         SH:  0    Dex: 15    Spells: 4/9 levels left

rFire    . . .     SeeInvis .   d - +0 dagger
rCold    . . .     Faith    .   (no shield)
rNeg     . . .     Spirit   .   b - +0 robe
rPois    .         Reflect  .   (no helmet)
rElec    .         Harm     .   (no cloak)
rCorr    .         Rampage  .   (no gloves)
Will     .....                  (no boots)
Stlth    ++........             (no amulet)
HPRegen  0.06/turn              (no ring)
MPRegen  0.12/turn              (no ring)

@: no status effects
A: no striking features
a: no special abilities


You were on level 2 of the Dungeon.
You visited 1 branch of the dungeon, and saw 2 of its levels.

You collected 52 gold pieces.

Inventory:

Hand Weapons
 d - a +0 dagger (weapon)
Missiles
 c - 35 stones
Armour
 b - a +0 robe (worn)
Scrolls
 e - a scroll of immolation {unknown}
 g - a scroll of silence {unknown}
 h - a scroll of teleportation {unknown}
Potions
 a - a potion of flight {unknown}
 f - 2 potions of resistance {unknown}


   Skills:
 + Level 0.9 Fighting
 + Level 3.0 Dodging
 + Level 3.1 Stealth
 + Level 3.5 Spellcasting
 + Level 0.6 Conjurations
 - Level 1.1 Transmutations
 * Level 4.0 Earth Magic


You had 4 spell levels left.
You knew the following spells:

 Your Spells              Type           Power      Damage    Failure   Level
a - Sandblast             Erth           38%        2d10      2%          1
b - Passwall              Tmut/Erth      10%        N/A       7%          2
c - Searing Ray           Conj           12%        3d3       16%         2

Your spell library contained the following spells:

 Spells                   Type           Power      Damage    Failure   Level
 Magic Dart               Conj           24%        1d4       11%         1
 Stone Arrow              Conj/Erth      24%        3d8       16%         3
 Petrify                  Tmut/Erth      13%        N/A       43%         4
 Fulminant Prism          Conj/Hex       2%         3d6       75%         4


Dungeon Overview and Level Annotations

Branches:
Dungeon (2/15)

Altars:


Message History

There is a stone staircase leading up here.
You start resting.
Magic restored.
You start resting.
A gnoll comes into view. It is wielding a +0 whip.
The gnoll shouts!
You see here a hobgoblin corpse.
The gnoll hits you with a +0 whip.
Items here: ))) ††.
Aiming: Sandblast (safe; 2% risk of failure)
Press: ? - help, Q - select action, (/) - cycle Shift-Dir - straight line, f - gnoll
Aim: a gnoll, wielding a +0 whip and wearing a +0 ring mail (85% to hit)
The blast of sand hits the gnoll but does no damage.
The gnoll misses you.
Aiming: Sandblast (safe; 2% risk of failure)
Press: ? - help, Q - select action, (/) - cycle Shift-Dir - straight line, f/p - gnoll
Aim: a gnoll, wielding a +0 whip and wearing a +0 ring mail (85% to hit)
The blast of sand hits the gnoll.
The gnoll is lightly wounded.
The gnoll hits you with a +0 whip.
Aiming: Sandblast (safe; 2% risk of failure)
Press: ? - help, Q - select action, (/) - cycle Shift-Dir - straight line, f/p - gnoll
Aim: a gnoll, wielding a +0 whip and wearing a +0 ring mail (lightly wounded, 85% to hit)
The blast of sand hits the gnoll!
The gnoll is severely wounded.
The gnoll hits you with a +0 whip.
* * * LOW HITPOINT WARNING * * *
Aiming: Sandblast (safe; 2% risk of failure)
Press: ? - help, Q - select action, (/) - cycle Shift-Dir - straight line, f/p - gnoll
Aim: a gnoll, wielding a +0 whip and wearing a +0 ring mail (severely wounded, 85% to hit)
The blast of sand hits the gnoll but does no damage.
The gnoll is severely wounded.
The gnoll closely misses you.
Aiming: Sandblast (safe; 2% risk of failure)
Press: ? - help, Q - select action, (/) - cycle Shift-Dir - straight line, f/p - gnoll
Aim: a gnoll, wielding a +0 whip and wearing a +0 ring mail (severely wounded, 85% to hit)
The blast of sand hits the gnoll.
The gnoll is almost dead.
The gnoll hits you with a +0 whip!
You die...

#.# #.# #.#
#.# #.# #.#
#<# #†# #
#@#
#.##g####.##
#......ggg..
##<## #.#
... #####


You could see a gnoll.

Vanquished Creatures
  4 gnolls (D:2)
  A dart slug (D:1)
  2 endoplasms (D:1)
  3 goblins (D:1)
  2 hobgoblins
  2 jackals (D:1)
  A quokka (D:1)
  A ball python (D:1)
  2 bats (D:1)
  A frilled lizard (D:1)
  2 rats (D:1)
21 creatures vanquished.

Notes
Turn   | Place    | Note
-------+----------+-------------------------------------------
     0 | D:1      | raph the Deep Elf Earth Elementalist began the quest for
                  | the Orb.
     0 | D:1      | Reached XP level 1. HP: 10/10 MP: 6/6
   101 | D:1      | Reached XP level 2. HP: 15/15 MP: 4/8
   284 | D:1      | Learned a level 2 spell: Passwall
   504 | D:1      | Learned a level 2 spell: Searing Ray
  1191 | D:2      | Reached XP level 3. HP: 20/20 MP: 6/9
  1283 | D:2      | Reached skill level 4 in Earth Magic
  1420 | D:2      | Slain by a gnoll

Illustrated notes

Levels and vault maps discovered:
D:1:      lightli_arrival_quake, layout_loops_ring
D:2:      layout_loops_ring, serial_aquarium, aquarium_bridge_island_small
          [aquarium_subvault_small_water, aquarium_subvault_bridge,
          aquarium_subvault_bridge, aquarium_subvault_balcony,
          aquarium_subvault_wall], aquarium_bridge_straight
          [aquarium_subvault_bridge, aquarium_subvault_wall,
          aquarium_subvault_bridge, aquarium_subvault_wall],
          aquarium_window_fake, aquarium_window_corridor_3, aquarium_view_2g

Skill      XL: |  1  2  3 |
---------------+----------+-----
Stealth        | 3 |  3.1
Dodging        | 3 |  3.0
Earth Magic    | 4 |  4.0
Fighting       | |  0.9
Spellcasting   | |  3.5
Conjurations   | |  0.6
Transmutations | |  1.1

Action                   || total
-------------------------++-------
Melee: Dagger            ||    13
 Cast: Sandblast         ||    39
Armor: Robe              ||    15
Dodge: Dodged            ||    23
